 Dungeon Crawl Stone Soup version 0.28-a0-1493-g08698888e4 (webtiles) character file.

Game seed: 15220913957179366984

2628 kae the Transmogrifier (level 9, -1/76 HPs)
             Began as a Green Draconian Transmuter on Jan 12, 2022.
             Engulfed by a steam dragon's steam (11 damage)
             ... on level 7 of the Dungeon.
             The game lasted 00:05:25 (8302 turns).

kae the Transmogrifier (Green Draconian Transmuter) Turns: 8302, Time: 00:05:26

Health: -1/76      AC:  8    Str: 12    XL:     9   Next: 35%
Magic:  14/17      EV: 10    Int: 17    God:
Gold:   257        SH:  0    Dex: 13    Spells: 11/19 levels left

rFire   x . .      SeeInvis .     - Unarmed
rCold   + + +      Faith    .   (shield currently unavailable)
rNeg    . . .      Spirit   .   (armour unavailable)
rPois   +          Reflect  .   (helmet currently unavailable)
rElec   .          Harm     .   (cloak currently unavailable)
rCorr   .          Rampage  .   (gloves currently unavailable)
Will    .....                   (boots currently unavailable)
Stlth   +.........              e - amulet of the acrobat
HPRegen 0.22/turn               (no ring)
MPRegen 0.15/turn               (no ring)

@: ice-form
A: freezing attack, amphibious, boosted hp, (breathe noxious fumes), AC +7,
large, unfitting armour, (poison resistance), (cold-blooded)
a: End Transformation


You were on level 7 of the Dungeon.
You were a creature of crystalline ice.
You visited 2 branches of the dungeon, and saw 8 of its levels.

You collected 257 gold pieces.

Inventory:

Armour
 f - a +0 cloak (melded)
Jewellery
 e - an amulet of the acrobat (around neck)
 t - an amulet of magic regeneration
Wands
 b - a wand of paralysis (6)
 q - a wand of flame (24)
Scrolls
 l - a scroll of magic mapping
 p - 4 scrolls of identify
 u - a scroll of teleportation
 v - a scroll of enchant armour {unknown}
Potions
 a - 2 potions of haste
 c - 2 potions of mutation
 d - a potion of curing
 g - a potion of magic {unknown}
 h - a potion of heal wounds {unknown}
 i - a potion of berserk rage {unknown}
 j - 2 potions of attraction {unknown}
 k - 2 potions of degeneration {unknown}
 m - a potion of lignification {unknown}
 n - 2 potions of flight {unknown}
 o - a potion of resistance {unknown}
 r - a potion of invisibility {unknown}
 s - a potion of might {unknown}


   Skills:
 - Level 1.1 Fighting
 - Level 1.7 Dodging
 * Level 6.5 Unarmed Combat
 + Level 5.5 Spellcasting
 * Level 8.5 Transmutations
 - Level 5.0 Ice Magic
 - Level 1.2 Poison Magic


You had 11 spell levels left.
You knew the following spells:

 Your Spells              Type           Power      Damage    Failure   Level
a - Beastly Appendage     Tmut           66%        N/A       1%          1
b - Spider Form           Tmut/Pois      21%        N/A       5%          3
c - Ice Form              Ice/Tmut       27%        N/A       9%          4

Your spell library contained the following spells:

 Spells                   Type           Power      Damage    Failure   Level
 Wereblood                Tmut           33%        N/A       1%          2


Dungeon Overview and Level Annotations

Branches:
Dungeon (7/15)             Temple (1/1) D:4

Altars:
Ashenzari
Cheibriados
Dithmenos
Elyvilon
Fedhas
Gozag
Hepliaklqana
Kikubaaqudgha
Makhleb
Nemelex Xobeh
Okawaru
Qazlal
Sif Muna
Trog
Uskayaw
Vehumet
Wu Jian
Xom
Yredelemnul
Zin
The Shining One

Shops:
D:2 :

Annotations:
D:2 1 runed translucent door, Crazy Yiuf
D:6 Prince Ribbit


Innate Abilities, Weirdness & Mutations

You are a creature of crystalline ice.
You have a powerful freezing melee attack.
You are amphibious.
Your maximum health is increased.
Your armour is entirely melded.
You are incapable of wielding weapons or throwing items.
((You can breathe blasts of noxious fumes.))
((Your lurid green scales are hard. (AC +7)))
You cannot fit into any form of body armour.
((Your system is resistant to poisons. (rPois)))
((You are cold-blooded and may be slowed by cold attacks.))


Message History

You are too injured to fight recklessly!
You hit the centaur zombie but do no damage.
The centaur zombie is moderately damaged.
The centaur zombie hits you but does no damage.
The centaur zombie kicks you but does no damage.
The steam dragon bites you but does no damage.
The steam dragon barely misses you.
You punch the centaur zombie! You freeze the centaur zombie.
The centaur zombie is almost destroyed.
The centaur zombie hits you.
The centaur zombie kicks you but does no damage.
You hit the steam dragon but do no damage.
The centaur zombie hits you but does no damage.
The centaur zombie kicks you but does no damage.
The steam dragon bites you but does no damage.
The steam dragon claws you but does no damage.
The centaur zombie hits you but does no damage.
The centaur zombie kicks you but does no damage.
You hit the steam dragon. You freeze the steam dragon.
The steam dragon is lightly wounded.
The steam dragon bites you.
The steam dragon claws you but does no damage.
The centaur zombie hits you but does no damage.
The centaur zombie closely misses you.
You barely miss the steam dragon.
The steam dragon is lightly wounded.
The steam dragon bites you. The steam dragon closely misses you.
The centaur zombie completely misses you.
The centaur zombie kicks you.
You hit the steam dragon. You freeze the steam dragon.
The steam dragon is moderately wounded.
The centaur zombie hits you.
The centaur zombie kicks you but does no damage.
The steam dragon breathes steam at you. The ball of steam hits you!!
The steam scalds you terribly!
* * * LOW HITPOINT WARNING * * *
You punch the steam dragon! You freeze the steam dragon.
The steam dragon is severely wounded.
You are engulfed in a cloud of scalding steam.
You die...

###...## ........###..#......#..
.......## ..........#......######
#.......#...........##..........#
#...##...... #.................#
....#....... ##..##.........####
.....†...# ##.###............
.....### #..##............
......# ###.#...........##
.....##... #Y................
#.......# #...ZD#...........#.†#
#..##..## #..............##....##
...# ....#.........####........#
.... #.....#........ ..........
#.... .##.###........ .........
##.#.... ## ###....... ......###
###.. ##....#.# ..### ##


You could see a steam dragon (catching breath) and a centaur zombie.

Vanquished Creatures
  2 trolls
  Eustachio (D:5)
  Menkaure (D:7)
  Edmund (D:4)
  A sky beast (D:6)
  2 ice beasts
  3 ogres
  A black bear (D:5)
  2 necrophages (D:7)
  A centaur (D:7)
  A phantom (D:7)
  Blork the orc (D:4)
  2 bullfrogs (D:7)
  2 scorpions
  2 bullfrog zombies
  3 hounds
  2 orc priests (D:3)
  A gnoll shaman (D:7)
  2 iguanas
  An orc wizard (D:5)
  4 gnolls (D:7)
  8 adders
  2 white imps
  2 ufetubi
  3 dart slugs
  17 orcs
  11 ball pythons
  7 bats
  5 endoplasms
  5 giant cockroaches
  4 goblins
  5 hobgoblins
  6 jackals
  6 quokkas
  2 frilled lizards
  6 kobolds
  5 rats
130 creatures vanquished.

Notes
Turn   | Place    | Note
-------+----------+-------------------------------------------
     0 | D:1      | kae the Draconian Transmuter began the quest for the Orb.
     0 | D:1      | Reached XP level 1. HP: 16/16 MP: 3/3
    77 | D:1      | Reached XP level 2. HP: 23/23 MP: 3/5
   369 | D:1      | Reached skill level 3 in Transmutations
   619 | D:1      | Reached XP level 3. HP: 28/28 MP: 4/6
   625 | D:1      | Learned a level 3 spell: Spider Form
  1168 | D:2      | Reached skill level 1 in Poison Magic
  1601 | D:2      | Found a runed translucent door.
  1602 | D:2      | Noticed Crazy Yiuf
  1690 | D:2      | Found Xourotrolo's Book Shoppe.
  1754 | D:2      | Reached XP level 4. HP: 35/35 MP: 5/8
  1759 | D:2      | Learned a level 4 spell: Ice Form
  2441 | D:3      | Reached skill level 4 in Transmutations
  2891 | D:3      | Reached XP level 5. HP: 37/40 MP: 7/9
  3483 | D:4      | Noticed Edmund
  3508 | D:4      | Killed Edmund
  3509 | D:4      | Reached skill level 5 in Transmutations
  3509 | D:4      | Reached XP level 6. HP: 7/47 MP: 7/11
  4112 | D:4      | Reached skill level 6 in Transmutations
  4349 | D:4      | Noticed Blork the orc
  4476 | D:4      | Killed Blork the orc
  4477 | D:4      | Your scales start taking on a lurid green colour.
  4477 | D:4      | Reached XP level 7. HP: 38/52 MP: 9/13
  4477 | D:4      | Gained mutation: Your system is resistant to poisons.
                  | (rPois) [Green Draconian growth]
  4940 | D:4      | Reached skill level 1 in Ice Magic
  4995 | D:4      | Found a staircase to the Ecumenical Temple.
  5099 | D:5      | Entered Level 5 of the Dungeon
  5266 | D:5      | Noticed a troll
  5284 | D:5      | Killed a troll
  5578 | D:5      | Reached skill level 7 in Transmutations
  5578 | D:5      | Reached XP level 8. HP: 59/59 MP: 9/14
  5881 | D:5      | Noticed Eustachio
  5908 | D:5      | Killed Eustachio
  5936 | D:5      | Reached skill level 5 in Unarmed Combat
  6354 | Temple   | Entered the Ecumenical Temple
  6516 | D:6      | Noticed Prince Ribbit
  6933 | D:6      | Reached skill level 5 in Spellcasting
  7040 | D:6      | Noticed a troll
  7048 | D:6      | Killed a troll
  7430 | D:7      | Noticed Menkaure
  7441 | D:7      | Killed Menkaure
  7442 | D:7      | Reached skill level 8 in Transmutations
  7442 | D:7      | Reached XP level 9. HP: 32/64 MP: 8/16
  7779 | D:7      | Reached skill level 5 in Ice Magic
  8302 | D:7      | Engulfed by a steam dragon's steam

Illustrated notes

Levels and vault maps discovered:
D:1:      dpeg_arrival_rooms_c, layout_basic, fountainhead, minmay_pentomino_v2
D:2:      layout_loops_corners, serial_shops, nicolae_shop_advertising_works
          [nicolae_subvault_shop_adworks], kennysheep_generic_room_8,
          uniq_crazy_yiuf_cottage
D:3:      layout_rooms, amcnicky_mini_pool_small, kennysheep_pointless_box
D:4:      layout_basic, minmay_temple_entry_statues, uniq_edmund,
          uniq_blork_the_orc
D:5:      layout_basic, uniq_eustachio
D:6:      layout_gridville, hangedman_decor_diamond_cutter, uniq_prince_ribbit1
D:7:      layout_cave_pools, hangedman_abyss_or_decor_stagger, uniq_menkaure
Temple:   grunt_wide_crystal_templ

Skill      XL: |  1  2  3  4  5  6  7  8  9 |
---------------+----------------------------+-----
Transmutations | 3 4 5 6 7 8 |  8.5
Poison Magic   | 1 |  1.2
Spellcasting   | 3 4 5 |  5.5
Ice Magic      | 2 4 5 |  5.0
Unarmed Combat | 4 5 6 |  6.5
Fighting       | |  1.1
Dodging        | |  1.7

Action                   |  1- 3 |  4- 6 |  7- 9 || total
-------------------------+-------+-------+-------++-------
Melee: Unarmed           |   114 |   143 |   165 ||   422
       Kick              |    16 |    12 |     2 ||    30
       Headbutt          |    16 |    16 |       ||    32
       Tailslap          |    14 |    13 |     7 ||    34
       Punch             |     4 |     1 |     1 ||     6
 Cast: Beastly Appendage |    27 |    16 |     3 ||    46
       Spider Form       |       |     6 |     5 ||    11
       Ice Form          |       |     1 |    15 ||    16
 Abil: Breathe Noxious F |       |       |     6 ||     6
       End Transformatio |       |       |     1 ||     1
  Use: Scroll            |     3 |     2 |     4 ||     9
 Stab: Sleeping          |       |     1 |       ||     1
       Confused          |       |       |     1 ||     1
Armor: Skin              |    64 |    28 |    71 ||   163
Dodge: Dodged            |    68 |   121 |   158 ||   347

Table legend: (Time is in decaauts)
 A = Elapsed time spent in this place.
 B = Non-inter-level travel time spent in this place.
 C = Inter-level travel time spent in this place.
 D = Time resting spent in this place.
 E = Time spent auto-exploring this place.
 F = Levels seen in this place.
 G = Mean time per level.
                   A        B        C        D        E       F      G
               +--------+--------+--------+--------+--------+-----+--------+
         Total |   8281 |   7860 |    421 |    198 |   6516 |   8 | 1035.1 |
       Dungeon |   8211 |   7807 |    404 |    198 |   6479 |   7 | 1173.0 |
        Temple |     69 |     53 |     16 |      0 |     37 |   1 |   69.0 |
               +--------+--------+--------+--------+--------+-----+--------+

Top non-repeatable levels by time:
     D:4: 1784 daAuts
     D:2: 1395 daAuts
     D:5: 1317 daAuts
     D:3: 1188 daAuts
     D:7: 904 daAuts
     D:1: 812 daAuts
     D:6: 808 daAuts
  Temple: 69 daAuts
